 Dungeon Crawl Stone Soup version 0.30-a0-916-g9813417 (webtiles) character file.

Game seed: 11939698081850762592

1037 Dorkslayer the Covered (level 8, 0/49 HPs)
             Began as a Gargoyle Fighter on Mar 24, 2023.
             Was an Initiate of Gozag.
             Slain by an ogre
             ... wielding a +0 giant club
              (3 damage)
             ... on level 5 of the Dungeon on Mar 26, 2023.
             The game lasted 00:18:52 (2988 turns).

Dorkslayer the Covered (Gargoyle Fighter)           Turns: 2988, Time: 00:18:54

Health: 0/49       AC: 15    Str: 19    XL:     8   Next: 24%
Magic:  8/8        EV:  8    Int: 10    God:    Gozag
Gold:   347        SH:  5    Dex: 11    Spells: 7/7 levels left

rFire   + . .      SeeInvis .    w - +2 war axe (freeze)
rCold   . . .      Faith    .    c - +0 buckler
rNeg    + . .      Spirit   .    g - +0 chain mail
rPois   ∞          Reflect  .    (no helmet)
rElec   +          Rampage  .    (no cloak)
rCorr   .                        (no gloves)
Will    .....                    (no boots) Stlth
                                 (no amulet)
HPRegen 0.28/turn                j - ring of protection from fire
MPRegen 0.11/turn                (no ring)

@: no status effects
A: sickness immunity, AC +5, negative energy resistance 1, electricity
resistance, torment resistance 1, petrification resistance
a: Renounce Religion, Potion Petition, Call Merchant, Bribe Branch


You were on level 5 of the Dungeon.
You worshipped Gozag.
Gozag was aware of your devotion.
You visited 2 branches of the dungeon, and saw 6 of its levels.

You collected 458 gold pieces.
You paid 111 gold pieces to Gozag.

Inventory:

Hand Weapons
 a - a +0 war axe
 w - a +2 war axe of freezing (weapon)
Armour
 c - a +0 buckler (worn)
 g - a +0 chain mail (worn)
Jewellery
 j - a ring of protection from fire (left hand)
Wands
 l - a wand of iceblast (3)
 v - a wand of light (1)
 x - a wand of paralysis (6)
Scrolls
 d - 2 scrolls of teleportation
 n - 2 scrolls of poison
 p - a scroll of blinking {unknown}
 u - a scroll of enchant armour {unknown}
Potions
 b - 2 potions of attraction
 e - a potion of lignification
 f - 2 potions of heal wounds {unknown}
 h - 2 potions of flight
 i - 2 potions of haste
 k - a potion of ambrosia {unknown}
 q - 2 potions of mutation {unknown}
 r - a potion of cancellation {unknown}
 s - 4 potions of curing
 t - a potion of degeneration {unknown}
 z - a potion of brilliance {unknown}


   Skills:
 + Level 5.0 Fighting
 + Level 3.6 Axes
 + Level 5.1 Armour
 + Level 3.4 Dodging
 + Level 5.0 Shields
 * Level 3.4 Evocations


You had 7 spell levels left.
You didn't know any spells.
Your spell library contained the following spells:

 Spells                   Type           Power      Damage    Failure   Level
 Kindle Blastsparks       Fire/Tloc/Air  0%         2d10      100%        3
 Fulminant Prism          Conj/Hex       0%         3d5       100%        4
 Iskenderun's Mystic Bla  Conj/Tloc      0%         2d3       100%        4
 Lee's Rapid Deconstruct  Erth           0%         3d4*      100%        5


Dungeon Overview and Level Annotations

Branches:
Dungeon (5/15)             Temple (1/1) D:5

Altars:
Ashenzari
Elyvilon
Gozag
Hepliaklqana
Kikubaaqudgha
Makhleb
Okawaru
Ru
Sif Muna
Trog
Uskayaw
Vehumet
Xom
Ignis

Annotations:
D:5 1 transporter, AlexanderH's ghost, novice DrEE


Innate Abilities, Weirdness & Mutations

You are immune to sickness and miasma.
Your stone body is resilient. (AC +5)
You are immune to poison.
You resist negative energy. (rN+)
You are resistant to electric shocks. (rElec)
You are resistant to unholy torment.
You are immune to petrification.


Message History

You hit the worm. You freeze the worm.
The worm is heavily wounded.
The worm bites you.
You barely miss the worm.
The worm is moderately wounded.
The worm bites you but does no damage.
You slash the worm! You freeze the worm.
You kill the worm!
The quasit is distracted by your dazzling golden aura.
Found a transporter.
You now have 347 gold pieces (gained 7).
The quasit is distracted by your dazzling golden aura.
Found a +6 ring of dexterity.
An ogre comes into view. It is wielding a +0 giant club.
The ogre shouts!
You block the ogre's attack.
You hit the ogre but do no damage. You slash the ogre! You freeze the ogre.
The ogre is heavily wounded.
The ogre barely misses you.
You barely miss the ogre.
The ogre is heavily wounded.
The ogre barely misses you.
You barely miss the ogre.
The ogre is heavily wounded.
You block the ogre's attack.
You slash the ogre! You freeze the ogre.
The ogre is almost dead.
The ogre hits you with a +0 giant club!!
You barely miss the ogre.
The ogre is almost dead.
The ogre hits you with a +0 giant club!!
Ouch! That really hurt!
* * * LOW HITPOINT WARNING * * *
Okay, then.
You barely miss the ogre.
The ogre is almost dead.
The ogre hits you with a +0 giant club.
You die...
Your body crumbles into a pile of gold.

#### ..# #O#
#@########
#........#### #
########....#####
### ####.##.....#
..# #.....#####.#
..#
#..###.....#.##
..## #.
#####....# ....
#. ....##...#
..... $ #
#....##..#


You could see an ogre.

Vanquished Creatures
  A wyvern (D:5)
  A water moccasin (D:5)
  A black bear (Temple)
  Blork the orc (D:4)
  2 scorpions (D:5)
  3 orc priests (D:5)
  A hound (D:5)
  Jessica (D:2)
  2 iguanas
  4 orc wizards
  3 gnolls (D:2)
  8 adders
  2 white imps (D:5)
  4 worms
  2 dart slugs
  9 orcs
  7 bats
  11 endoplasms
  4 giant cockroaches
  6 goblins
  8 hobgoblins
  8 quokkas
  5 ball pythons
  3 frilled lizards
  9 kobolds
  3 rats
109 creatures vanquished.

Vanquished Creatures (others)
  3 fungi (D:5)
3 creatures vanquished.

Grand Total: 112 creatures vanquished

Notes
Turn   | Place    | Note
-------+----------+-------------------------------------------
     0 | D:1      | Dorkslayer the Gargoyle Fighter began the quest for the
                  | Orb.
     0 | D:1      | Reached XP level 1. HP: 14/14 MP: 1/1
    67 | D:1      | Reached XP level 2. HP: 12/19 MP: 2/2
   265 | D:1      | Reached skill level 1 in Dodging
   374 | D:1      | Reached XP level 3. HP: 12/23 MP: 3/3
   623 | D:2      | Noticed Jessica
   631 | D:2      | Killed Jessica
   632 | D:2      | Reached XP level 4. HP: 23/29 MP: 4/4
   858 | D:2      | Reached XP level 5. HP: 29/33 MP: 5/5
  1844 | D:4      | Reached XP level 6. HP: 38/38 MP: 6/6
  2108 | D:4      | Paralysed by a kobold for 4 turns
  2128 | D:4      | Reached skill level 1 in Evocations
  2282 | D:4      | Noticed Blork the orc
  2294 | D:4      | Killed Blork the orc
  2328 | D:5      | Entered Level 5 of the Dungeon
  2357 | D:5      | Found a staircase to the Ecumenical Temple.
  2359 | D:5      | Noticed a black bear
  2366 | Temple   | Entered the Ecumenical Temple
  2370 | Temple   | Killed a black bear
  2425 | Temple   | Became a worshipper of Gozag Ym Sagoz the Greedy
  2443 | D:5      | Reached XP level 7. HP: 44/44 MP: 7/7
  2661 | D:5      | Found a shimmering blue altar of Sif Muna.
  2697 | D:5      | Reached XP level 8. HP: 47/48 MP: 8/8
  2762 | D:5      | Noticed a wyvern
  2768 | D:5      | Killed a wyvern
  2769 | D:5      | Reached skill level 5 in Fighting
  2769 | D:5      | Reached skill level 5 in Armour
  2769 | D:5      | Reached skill level 5 in Shields
  2934 | D:5      | Noticed AlexanderH's ghost (novice DrEE)
  2939 | D:5      | Found a transporter.
  2988 | D:5      | Slain by an ogre

Illustrated notes

Levels and vault maps discovered:
D:1:      scummos_arrival_hexagon, layout_basic
D:2:      layout_rooms, kennysheep_path_1, uniq_jessica
D:3:      layout_loops_ring
D:4:      layout_rooms, uniq_blork_the_orc
D:5:      old_forge, layout_loops_ring, mainiacjoe_overflow_tiny_flanked,
          minmay_temple_entry_mini_moons, gammafunk_ghost_stat_death
Temple:   pdpol_scorched_temple

Skill      XL: |  1  2  3  4  5  6  7  8 |
---------------+-------------------------+-----
Dodging        | 1 2 3 |  3.4
Axes           | 2 3 |  3.6
Armour         | 4 5 |  5.1
Fighting       | 4 5 |  5.0
Shields        | 4 5 |  5.0
Evocations     | 2 3 |  3.4

Action                     |  1- 3 |  4- 6 |  7- 9 || total
---------------------------+-------+-------+-------++-------
  Melee: War axe           |    73 |   180 |    74 ||   327
  Evoke: Wand              |       |       |     3 ||     3
    Use: Scroll            |       |     6 |     4 ||    10
         Potion            |       |     1 |       ||     1
 Armour: Scale mail        |    19 |       |       ||    19
         Chain mail        |    28 |   128 |    31 ||   187
  Dodge: Dodged            |    30 |    84 |    22 ||   136
  Block: Buckler           |    24 |    43 |    18 ||    85

Table legend: (Time is in decaauts)
 A = Elapsed time spent in this place.
 B = Non-inter-level travel time spent in this place.
 C = Inter-level travel time spent in this place.
 D = Time resting spent in this place.
 E = Time spent auto-exploring this place.
 F = Levels seen in this place.
 G = Mean time per level.
                   A        B        C        D        E       F      G
               +--------+--------+--------+--------+--------+-----+--------+
         Total |   3121 |   3121 |      0 |      0 |   1396 |   6 |  520.2 |
       Dungeon |   3049 |   3049 |      0 |      0 |   1396 |   5 |  609.8 |
        Temple |     72 |     72 |      0 |      0 |      0 |   1 |   72.0 |
               +--------+--------+--------+--------+--------+-----+--------+

Top non-repeatable levels by time:
     D:3: 649 daAuts
     D:1: 645 daAuts
     D:5: 622 daAuts
     D:2: 601 daAuts
     D:4: 531 daAuts
  Temple: 72 daAuts
